Map: Magannatha LE

Players

mares

  • Race: Protoss Protoss
  • Spawn Location: 11:00

A.I. 1 (Very Easy) - Winner!

  • Race: Terran Terran
  • Spawn Location: 5:00

VOD

Have the link to the VOD?

Description

Time

  • Played on: June 11, 2025, 12:13 p.m.
  • Length: 5:05
Show
View Real Time Build Order
Export as new Build Order

mares Protoss 

Build Orders: 1 Gate Expand, Dark Templar Rush 

Get SALT Encoding   

  6  0:00  Probe  
  13  0:13  Probe  
  14  0:17  Pylon  
  14  0:25  Probe  
  15  0:35  Gateway  
  15  0:37  Probe  
  16  0:43  Assimilator  
  16  0:46  Probe  
  17  0:55  Probe  
  17  1:03  Probe  
  19  1:15  Probe  
  20  1:26  Nexus  
  20  1:37  Cybernetics Core  
  20  1:40  Probe  
  20  1:46  Assimilator  
  21  1:52  Probe  
  22  1:56  Pylon  
  22  2:02  Stalker  
  22  2:06  Probe  
  25  2:18  Probe  
  25  2:22  Twilight Council  
  26  2:31  Sentry, Shield Battery  
  26  2:35  Probe  
  29  2:39  Probe  
  30  2:47  Probe  
  30  2:49  Warp Gate  
  31  2:51  Pylon  
  31  2:55  Probe  
  32  3:03  Probe  
  33  3:07  Probe  
  33  3:09  Robotics Facility  
  34  3:14  Dark Shrine  
  34  3:22  Probe x2  
  34  3:25  Stalker  
  36  3:34  Probe  
  39  3:35  Gateway  
  39  3:39  Probe  
  40  3:43  Assimilator  
  40  3:45  Assimilator  
  40  3:49  Probe  
  40  3:51  Warp Prism, Probe  
  44  4:10  Gateway  
  44  4:11  Gateway  
  44  4:14  Probe  
  44  4:15  Probe  
  46  4:37  Dark Templar x2  
  50  4:43  Probe x2  
  52  4:45  Pylon  
Show
View Real Time Build Order
Export as new Build Order

A.I. 1 (Very Easy) Terran - Winner!

Build Orders:  

Get SALT Encoding   

  6  0:00  SCV  
  13  0:13  SCV  
  14  0:18  Supply Depot  
  14  0:37  Refinery  
  14  0:42  Barracks  
  14  1:04  Supply Depot  
  14  1:11  Refinery  
  14  1:29  Orbital Command, Marine  
  15  1:48  Barracks Tech Lab  
  15  1:55  SCV  
  16  2:07  SCV  
  17  2:11  Marine  
  18  2:19  SCV  
  19  2:31  SCV  
  20  2:43  SCV  
  21  2:53  Marauder  
  21  2:55  SCV  
Tags
 
Add a new tag
Caveats
  • Supply blocks, unpowered buildings, or Contaminate may cause inaccurate times.
  • Supply counts are checked every 10 seconds.